 Dungeon Crawl Stone Soup version 0.23-a0-487-gc625362 (webtiles) character file.

117320 aurelian the Severer (level 17, -2/208 HPs)
             Began as a Human Berserker on Nov 30, 2018.
             Was a High Priest of Trog.
             Slain by a thorn hunter (4 damage)
             ... on level 2 of the Swamp.
             The game lasted 01:29:20 (40011 turns).

aurelian the Severer (Human Berserker)             Turns: 40011, Time: 01:29:21

Health: -2/208     AC: 21    Str: 27    XL:     17   Next: 28%
Magic:  0/7        EV: 14    Int: 12    God:    Trog [*****.]
Gold:   119        SH: 17    Dex: 14    Spells: 16/16 levels left

rFire    . . .     SeeInvis .   a - +9 broad axe (antimagic)
rCold    + . .     Gourm    .   y - +3 shield of Tomorrow {rC+}
rNeg     . . .     Faith    .   X - +0 storm dragon scales
rPois    +         Spirit   +   w - +1 helmet
rElec    +         Reflect  .   Y - +0 cloak
rCorr    .         Harm     .   I - +0 pair of gloves
MR       +++++                  T - +0 pair of boots
Stlth    ..........             K - amulet of guardian spirit
HPRegen  1.44/turn              F - ring of the Mage {Wiz MR++ Int+3}
MPRegen  0.10/turn              O - ring "Esuephae" {+Inv rPois EV+2}

@: berserking, very slightly contaminated, regenerating, very quick
A: no striking features
a: Berserk, Trog's Hand, Brothers in Arms, Renounce Religion, Evoke Invisibility


You were on level 2 of the Swamp.
You worshipped Trog.
Trog was extremely pleased with you.
You were near starving.

You visited 5 branches of the dungeon, and saw 26 of its levels.
You also visited: Labyrinth and Bailey.

You collected 2343 gold pieces.
You spent 2224 gold pieces at shops.

Inventory:

Hand Weapons
 a - a +9 antimagic broad axe (weapon)
   (Trog gifted it to you on level 6 of the Lair of Beasts)
 b - a +4 war axe of flaming
   (Trog gifted it to you on level 2 of the Lair of Beasts)
 Q - a +1 antimagic war axe
   (Trog gifted it to you on level 12 of the Dungeon)
 V - a +0 broad axe
   (You took it off a centaur on level 12 of the Dungeon)
 Z - a +2 fustibalus of freezing
   (Trog gifted it to you on level 1 of the Orcish Mines)
Missiles
 i - 14 javelins (quivered)
 k - 162 sling bullets
 C - 14 javelins of returning
 N - 15 silver javelins
 P - 4 throwing nets {!f}
Armour
 w - a +1 helmet (worn)
   (You took it off Robin on level 3 of the Dungeon)
 y - the +3 shield of Tomorrow (worn) {rC+}
   (You acquired it on level 2 of the Orcish Mines)

   It protects you from cold.
 I - a +0 pair of gloves (worn)
   (You found it on level 9 of the Dungeon)
 R - a +0 shield of protection
   (You acquired it on level 12 of the Dungeon)
 T - a +0 pair of boots (worn)
   (You found it on level 4 of the Lair of Beasts)
 X - +0 storm dragon scales (worn)
   (You found it on level 4 of the Lair of Beasts)
 Y - a +0 cloak (worn)
   (You found it on level 13 of the Dungeon)
Jewellery
 o - an uncursed ring of positive energy
   (You found it on level 4 of the Lair of Beasts)
 z - an uncursed ring of see invisible
   (You took it off an orc warrior on level 5 of the Dungeon)
 F - the ring of the Mage (left hand) {Wiz MR++ Int+3}
   (You bought it in a shop on level 2 of the Orcish Mines)

   [ring of wizardry]

   It improves your spell success rate.
   It affects your intelligence (+3).
   It affects your resistance to hostile enchantments.
 K - an amulet of guardian spirit (around neck)
   (You found it on level 5 of the Lair of Beasts)
 M - an uncursed ring of resist corrosion
   (You found it on level 11 of the Dungeon)
 O - the ring "Esuephae" (right hand) {+Inv rPois EV+2}
   (You found it on level 11 of the Dungeon)

   [ring of evasion]

   It affects your evasion (+2).
   It protects you from poison.
   It lets you turn invisible.
Wands
 c - a wand of disintegration (33)
   (You found it in a labyrinth)
 d - a wand of iceblast (14)
   (You found it on level 8 of the Dungeon)
 f - a wand of polymorph (1)
   (You took it off a gnoll on level 5 of the Dungeon)
 t - a wand of flame (59)
   (You found it on level 4 of the Dungeon)
 u - a wand of paralysis (14)
   (You found it in a labyrinth)
 v - a wand of digging (6)
   (You found it on level 6 of the Lair of Beasts)
 x - a wand of acid (7)
   (You found it on level 6 of the Dungeon)
 E - a wand of clouds (5)
   (You took it off Pikel on level 5 of the Dungeon)
Scrolls
 g - 8 scrolls of blinking
 h - 3 scrolls of enchant weapon
 l - 10 scrolls of teleportation {@r4}
 s - 17 scrolls of remove curse {@r2}
 D - a scroll of enchant armour
 L - 2 scrolls of fog
 U - 3 scrolls of fear
Potions
 j - 3 potions of ambrosia
 m - 3 potions of cancellation
 n - 7 potions of heal wounds {@q2}
 p - a potion of flight
 q - 5 potions of lignification {!q}
 r - 11 potions of curing {@q1}
 B - 3 potions of might
 G - a potion of mutation {!q}
 H - a potion of haste {@q3}
 J - a potion of resistance
 S - 2 potions of invisibility
 W - 2 potions of agility
Comestibles
 e - 27 rations {!d}


   Skills:
 + Level 14.1 Fighting
 + Level 17.0 Axes
 + Level 9.7 Armour
 + Level 6.9 Dodging
 * Level 13.5 Shields
 - Level 8.0 Evocations


You had 16 spell levels left.
You didn't know any spells.
Your spell library contained the following spells:

 Spells                   Type           Power        Failure   Level  Hunger
 Summon Small Mammal      Summ           #...         56%         1    ##.....
 Call Imp                 Summ           #.......     69%         2    ###....
 Call Canine Familiar     Summ           #.......     89%         3    ####...
 Gell's Gravitas          Tloc           #.........   89%         3    ####...
 Portal Projectile        Hex/Tloc       #.....       89%         3    ####...
 Recall                   Summ/Tloc      N/A          89%         3    ####...
 Summon Guardian Golem    Hex/Summ       #.......     89%         3    ####...
 Animate Dead             Necr           N/A          99%         4    #####..
 Force Lance              Conj/Tloc      #.......     99%         4    #####..
 Summon Ice Beast         Ice/Summ       #.......     99%         4    #####..
 Summon Lightning Spire   Summ/Air       #.......     99%         4    #####..
 Borgnjor's Vile Clutch   Necr/Erth      #.........   100%        5    ######.
 Lightning Bolt           Conj/Air       #.........   100%        5    ######.
 Conjure Ball Lightning   Conj/Air       #.........   100%        6    #######
 Death Channel            Necr           #.........   100%        6    #######
 Dispersal                Tloc           #.........   100%        6    #######
 Poison Arrow             Conj/Pois      #.........   100%        6    #######
 Simulacrum               Ice/Necr       #.........   100%        6    #######
 Chain Lightning          Conj/Air       #.........   100%        8    #######
 Controlled Blink         Tloc           N/A          100%        8    #######
 Disjunction              Tloc           #.........   100%        8    #######
 Lehudib's Crystal Spear  Conj/Erth      #.........   100%        8    #######
 Fire Storm               Conj/Fire      #.........   100%        9    #######
 Glaciate                 Conj/Ice       #.........   100%        9    #######


Dungeon Overview and Level Annotations

Branches:
Dungeon (15/15)            Temple (0/1) D:7            Lair (6/6) D:10
  Swamp (2/4) Lair:3        Snake (1/4) Lair:4        Slime (0/5) Lair:6
    Orc (2/2) D:11            Elf (0/3) Orc:2        Vaults (0/5) D:14
 Depths (0/5) D:15

Altars:
Cheibriados
Fedhas
Gozag
Okawaru
Ru
Sif Muna
Uskayaw
Yredelemnul
Zin
The Shining One
Beogh

Shops:
D:8 [   D:15 (   Orc:1 *(::*   Orc:2 ?=[*

Annotations:
D:4 2 runed doors, exclusion: downstairs, Balalaika's ghost, amateur MiBe
D:7 Joseph
D:15 exclusion: Roxanne, Roxanne


Message History

You barely miss the alligator. The alligator closely misses you.
The alligator tail-slaps you but does no damage.
You slice the alligator!!
You kill the alligator!
Trog accepts your kill.
You feel the effects of Trog's Hand fading.
Unknown command.
You enter the shallow water.
Moving in this stuff is going to be slow.
The thorn hunter gestures.
Thorny briars emerge from the ground!
The thorn hunter fires a volley of thorns at you.
You block the volley of thorns.
Your skin crawls.
You feel resistant to hostile enchantments.
You feel somewhat more hungry.
The thorn hunter fires a volley of thorns at you.
The volley of thorns hits you!
* * * LOW HITPOINT WARNING * * *
You are feeling very hungry.
You block the thorn hunter's attack.
The thorn hunter hits you but does no damage.
Unknown command.
A red film seems to cover your vision as you go berserk!
You feel yourself moving faster!
You feel mighty!
You are near starving!
The thorn hunter fires a volley of thorns at you.
The volley of thorns hits you!
* * * LOW HITPOINT WARNING * * *
You slice the thorn hunter!!
The thorn hunter's magic leaks into the air.
You block the thorn hunter's attack.
The thorn hunter hits you but does no damage.
You slice the thorn hunter!!
The thorn hunter's magic leaks into the air.
You slice the thorn hunter!!
The thorn hunter's magic leaks into the air.
The thorn hunter fires a volley of thorns at you.
The volley of thorns hits you!
* * * LOW HITPOINT WARNING * * *
You closely miss the thorn hunter. You slash the thorn hunter!
The thorn hunter's magic leaks into the air.
The thorn hunter fires a volley of thorns at you.
The volley of thorns hits you!
* * * LOW HITPOINT WARNING * * *
You slice the thorn hunter!!
The thorn hunter's magic leaks into the air.
The thorn hunter hits you.
You die...

# ♣≈..>♣.≈≈.♣♣
♣..≈≈♣...♣♣ ♣.≈≈.♣♣.≈♣
♣≈≈♣≈♣≈≈♣♣ ♣♣♣♣♣≈).♣ ♣♣
♣♣♣..♣ ♣≈♣♣....♣
♣♣≈>.f.♣♣♣
≈♣♣♣...@...≈♣
≈≈...≈..≈≈≈.♣♣♣♣♣
...≈≈≈≈≈.≈≈≈.♣≈≈♣♣
≈≈≈≈≈≈≈≈..≈≈≈.≈≈.♣♣♣
≈≈≈≈≈≈≈≈≈.≈≈≈§.≈≈♣.♣♣♣
≈≈≈≈♣♣...≈...≈..≈.≈..♣♣
≈PPP≈PPPPPPP.....≈...(♣
PPP≈PPPPPPPP≈≈.....♣.♣♣
≈≈≈≈.≈≈≈≈≈≈≈≈≈.≈.≈♣♣♣♣


You could see a thorn hunter.

Vanquished Creatures
  Rupert (D:13)
  A thorn hunter (Swamp:2)
  3 orc warlords
  A stone giant (Orc:2)
  Nessos (D:15)
  Azrael (D:15)
  A minotaur (Lab)
  A fire dragon (Lair:6)
  3 naga warriors
  7 hydras
  Harold (D:11)
  3 vault guards (D:14)
  2 centaur warriors
  A catoblepas (D:14)
  A shambling mangrove (Swamp:1)
  2 alligators (Swamp:2)
  5 two-headed ogres
  Urug (Lair:5)
  2 tengu warriors (D:14)
  A shock serpent (Snake:1)
  4 orc high priests (Orc:2)
  Nergalle (D:10)
  3 unseen horrors
  2 swamp dragons
  A wizard (D:14)
  Pikel (D:5)
  A lindwurm (Lair:6)
  A mana viper (shapeshifter) (D:15)
  A phantasmal warrior (D:15)
  7 orc knights
  4 orc sorcerers
  An oklob plant (Lair:5)
  A deep elf mage (D:13)
  14 ugly things
  2 cyclopes
  2 salamanders (Snake:1)
  8 black mambas
  3 molten gargoyles (Lair:6)
  A guardian serpent (Snake:1)
  4 gargoyles
  A torpor snail (Lair:3)
  4 naga magi (Snake:1)
  15 spiny frogs
  2 rime drakes
  19 komodo dragons
  A yaktaur (D:14)
  3 meliai (D:15)
  A troll (shapeshifter) (D:15)
  4 tengu conjurers (D:14)
  2 polar bears
  A minotaur skeleton (Lab)
  7 trolls
  4 hornets
  Grinder (D:5)
  3 tyrant leeches (Swamp:1)
  12 slime creatures
  8 blink frogs
  6 hippogriffs
  5 dream sheep (Lair:3)
  A bog body (Swamp:1)
  Sigmund (D:4)
  A meliai zombie (D:14)
  3 shadows (Swamp:1)
  5 wyverns
  2 spriggans
  54 yaks
  A fire elemental (D:15)
  A wraith (D:14)
  A vampire (D:15)
  Eustachio (D:4)
  A basilisk (shapeshifter) (D:13)
  7 fire bats (Lair:3)
  Grum (D:8)
  4 steam dragons
  4 basilisks
  8 vampire mosquitoes
  2 hungry ghosts
  11 nagas
  4 swamp worms
  A harpy simulacrum (D:15)
  A soldier ant (D:10)
  4 wargs
  An acid dragon (D:12)
  8 hell hounds
  12 water moccasins
  12 porcupines
  7 swamp drakes
  An eye of draining (D:12)
  54 orc warriors
  A hornet zombie (D:6)
  6 sky beasts
  4 ice beasts
  17 ogres
  2 black bears
  A necrophage (D:11)
  A slave (D:5)
  14 centaurs
  3 phantoms
  17 wolves
  15 crocodiles
  A big kobold (D:11)
  18 bullfrogs
  Blork the orc (D:5)
  A wyvern skeleton (D:14)
  10 scorpions
  6 killer bees
  15 wights
  2 electric eels
  2 howler monkeys (D:8)
  3 centaur zombies
  10 crimson imps
  6 lava snakes
  2 bullfrog zombies
  5 jellies
  3 hounds
  28 orc wizards
  36 orc priests
  10 iguanas
  2 centaur skeletons
  Jessica (D:3)
  2 bullfrog skeletons
  Natasha (twice) (D:3)
  8 worker ants
  Robin (D:3)
  A worker ant zombie (D:6)
  10 gnolls
  11 adders
  4 shadow imps
  An ooze (D:6)
  2 adder skeletons
  A worm (D:3)
  2 dart slugs
  6 leopard geckos
  133 orcs
  3 ball pythons
  11 bats
  5 giant cockroaches
  14 goblins
  2 hobgoblins (D:1)
  10 jackals
  13 kobolds
  4 quokkas
  3 frilled lizards
  A jackal zombie (D:5)
  A leopard gecko skeleton (D:4)
  A quokka zombie (D:9)
  3 rats
  A bush (Lair:5)
  2 fungi
  A plant (Lair:2)
916 creatures vanquished.

Vanquished Creatures (others)
  A hornet (Swamp:1)
  A spriggan (Swamp:2)
  An orc wizard (D:5)
  An orc (D:5)
  3 briar patches (Swamp:2)
  8 fungi
  11 plants
26 creatures vanquished.

Grand Total: 942 creatures vanquished

Notes
Turn   | Place    | Note
-------+----------+-------------------------------------------
     0 | D:1      | aurelian the Human Berserker began the quest for the Orb.
     0 | D:1      | Reached XP level 1. HP: 18/18 MP: 1/1
    94 | D:1      | Reached XP level 2. HP: 24/24 MP: 2/2
   497 | D:1      | Reached XP level 3. HP: 26/29 MP: 3/3
   966 | D:2      | Reached skill level 4 in Axes
  1185 | D:2      | Reached ** piety under Trog
  1185 | D:2      | Reached XP level 4. HP: 31/36 MP: 4/4
  1807 | D:3      | Reached XP level 5. HP: 42/42 MP: 5/5
  1976 | D:3      | Found an iron altar of Okawaru.
  2087 | D:3      | Noticed Natasha
  2094 | D:3      | Killed Natasha
  2094 | D:3      | Reached skill level 5 in Axes
  2218 | D:3      | Noticed Jessica
  2224 | D:3      | Killed Jessica
  2354 | D:3      | Noticed Natasha
  2360 | D:3      | Killed Natasha
  2360 | D:3      | Reached XP level 6. HP: 44/48 MP: 6/6
  2416 | D:3      | Noticed Robin
  2429 | D:3      | Killed Robin
  2516 | D:3      | Found a blossoming altar of Fedhas.
  2567 | D:4      | Noticed Sigmund
  2597 | D:4      | Killed Sigmund
  2597 | D:4      | Reached skill level 6 in Axes
  2597 | D:4      | Reached XP level 7. HP: 34/55 MP: 7/7
  2773 | D:4      | Reached skill level 5 in Fighting
  2943 | D:4      | Found a runed door.
  3117 | D:4      | Found a runed door.
  3121 | D:4      | Noticed Balalaika's ghost (amateur MiBe)
  3545 | D:4      | Noticed Eustachio
  3578 | D:4      | Killed Eustachio
  3578 | D:4      | Reached skill level 7 in Axes
  3740 | D:4      | Reached XP level 8. HP: 63/63 MP: 8/8
  4012 | D:5      | Entered Level 5 of the Dungeon
  4012 | D:5      | Noticed Blork the orc
  4012 | D:5      | Noticed Pikel
  4219 | D:5      | Killed Blork the orc
  4226 | D:5      | Killed Pikel
  4226 | D:5      | Reached skill level 8 in Axes
  4389 | D:5      | Reached skill level 9 in Axes
  4434 | D:5      | Reached XP level 9. HP: 49/71 MP: 9/9
  4790 | D:5      | Noticed Grinder
  4807 | D:5      | Killed Grinder
  5108 | D:5      | Reached skill level 10 in Axes
  5324 | D:5      | Found a glowing golden altar of the Shining One.
  6039 | D:6      | Reached *** piety under Trog
  6847 | D:6      | Reached XP level 10. HP: 73/80 MP: 10/10
  7197 | D:6      | Found a sacrificial altar of Ru.
  7747 | D:7      | Found a staircase to the Ecumenical Temple.
  7782 | D:7      | Reached skill level 11 in Axes
  8563 | D:7      | Found a hide-covered altar of Uskayaw.
  8564 | D:7      | Noticed Joseph
  8608 | D:7      | Found a deep blue altar of Sif Muna.
  8684 | D:7      | Found a glowing silver altar of Zin.
  9125 | D:8      | Noticed Grum
  9150 | D:8      | Killed Grum
  9703 | D:8      | Found Ojein's Armour Shoppe.
  9707 | D:8      | Reached skill level 5 in Dodging
  9714 | D:8      | Reached skill level 5 in Armour
  9743 | D:8      | Bought a +1 plate armour of poison resistance for 352 gold
                  | pieces
  9959 | D:8      | Reached XP level 11. HP: 84/87 MP: 11/11
 10079 | D:9      | Reached **** piety under Trog
 10096 | D:9      | Found a snail-covered altar of Cheibriados.
 11013 | D:10     | Entered Level 10 of the Dungeon
 11029 | D:10     | Reached skill level 12 in Axes
 11034 | D:10     | Reached skill level 1 in Evocations
 11492 | D:10     | Found a staircase to the Lair.
 11807 | D:10     | Noticed Nergalle
 11816 | D:10     | Killed Nergalle
 12682 | D:11     | Paralysed by a hornet for 3 turns
 13301 | D:11     | Reached ***** piety under Trog
 13319 | D:11     | Noticed an unseen horror
 13323 | D:11     | Reached XP level 12. HP: 86/97 MP: 14/14
 13344 | D:11     | Killed an unseen horror
 13344 | D:11     | Reached skill level 13 in Axes
 13590 | D:11     | Found a staircase to the Orcish Mines.
 13591 | D:11     | Noticed an unseen horror
 14022 | D:10     | Killed an unseen horror
 14171 | D:11     | Reached skill level 10 in Fighting
 14195 | D:11     | Got a crude bronze ring
 14253 | D:11     | Received a gift from Trog
 14438 | D:11     | Noticed a two-headed ogre
 14443 | D:11     | Killed a two-headed ogre
 14492 | D:11     | Noticed Harold
 14508 | D:11     | Killed Harold
 14682 | D:12     | Found a flagged portal.
 14710 | D:12     | Reached skill level 5 in Evocations
 14780 | Bailey   | Entered a bailey
 15329 | Bailey   | Upgraded the game from 0.23-a0-484-g29ba69c to
                  | 0.23-a0-486-gb50937e
 16664 | Bailey   | Identified the Handbook of Lethal Weightlessness
 16762 | D:12     | Upgraded the game from 0.23-a0-486-gb50937e to
                  | 0.23-a0-487-gc625362
 16785 | D:12     | Noticed a two-headed ogre
 16821 | D:12     | Killed a two-headed ogre
 16821 | D:12     | Reached skill level 14 in Axes
 16950 | D:12     | Noticed a two-headed ogre
 16967 | D:12     | Killed a two-headed ogre
 17052 | D:12     | Reached XP level 13. HP: 97/104 MP: 16/16
 17240 | D:12     | Noticed a centaur warrior
 17262 | D:12     | Killed a centaur warrior
 17499 | D:12     | Received a gift from Trog
 18043 | D:12     | Identified a scroll of acquirement
 18429 | D:13     | Reached skill level 1 in Shields
 18624 | D:13     | Noticed Rupert
 18627 | D:13     | Paralysed by Rupert for 3 turns
 18645 | D:13     | Killed Rupert
 18904 | D:13     | Reached skill level 15 in Axes
 19157 | D:13     | Identified the ring "Esuephae" {+Inv rPois EV+2} (You found
                  | it on level 11 of the Dungeon)
 19624 | Lair:1   | Entered Level 1 of the Lair of Beasts
 19801 | Lair:1   | Found a basalt altar of Yredelemnul.
 20091 | Lair:1   | Found a labyrinth entrance.
 20105 | Lab      | Entered a labyrinth
 21099 | Lab      | Reached skill level 5 in Shields
 21776 | Lab      | Noticed a minotaur
 21780 | Lab      | Killed a minotaur
 22360 | Lair:2   | Reached XP level 14. HP: 113/113 MP: 17/17
 22718 | Lair:2   | Received a gift from Trog
 23749 | Lair:3   | Found a staircase to the Swamp.
 24102 | Lair:3   | Reached skill level 16 in Axes
 24902 | Lair:4   | Received a gift from Trog
 25027 | Lair:4   | Found a staircase to the Snake Pit.
 25318 | Lair:4   | Got a crude short sword
 25324 | Lair:4   | Identified the +5 short sword of Ydygen {pierce, rN+ Str-5
                  | Dex+7} (You found it on level 4 of the Lair of Beasts)
 25749 | Lair:5   | Noticed Urug
 25773 | Lair:5   | Killed Urug
 27031 | Lair:6   | Entered Level 6 of the Lair of Beasts
 27397 | Lair:6   | Found a staircase to the Slime Pits.
 27456 | Lair:6   | Found a glowing golden altar of the Shining One.
 27812 | Lair:6   | Reached XP level 15. HP: 84/122 MP: 14/19
 28299 | Lair:6   | Found a large runed door.
 28722 | Lair:6   | Reached skill level 10 in Shields
 28790 | Lair:6   | Received a gift from Trog
 29173 | Lair:6   | Found a large runed door.
 30206 | D:14     | Found an opulent altar of Gozag.
 30869 | D:14     | Found a gate to the Vaults.
 31401 | D:15     | Entered Level 15 of the Dungeon
 31401 | D:15     | Noticed Nessos
 31408 | D:15     | Killed Nessos
 31491 | D:15     | Received a gift from Trog
 31904 | D:15     | Identified Roxanne's Almanac of Stones
 31904 | D:15     | Noticed Roxanne
 31938 | D:15     | Reached XP level 16. HP: 123/131 MP: 7/21
 32103 | D:15     | Found a staircase to the Depths.
 32104 | D:15     | Noticed a fire giant
 32525 | D:15     | Found Ytorirchot's Antique Weapon Shop.
 32685 | D:15     | Noticed Azrael
 32726 | D:15     | Killed Azrael
 33175 | Orc:1    | Entered Level 1 of the Orcish Mines
 33175 | Orc:1    | Found Juolulun's Weapon Boutique.
 33178 | Orc:1    | Found Luomevyt's General Store.
 33187 | Orc:1    | Bought a potion of heal wounds for 80 gold pieces
 33336 | Orc:1    | Found Plog's Book Shop.
 33385 | Orc:1    | Received a gift from Trog
 33616 | Orc:2    | Entered Level 2 of the Orcish Mines
 34304 | Orc:2    | Paralysed by an orc sorcerer for 7 turns
 34413 | Orc:2    | Identified the +9 falchion "Ykatz" {venom, rN++ MR++
                  | Stlth-} (You found it on level 2 of the Orcish Mines)
 34489 | Orc:2    | Found a staircase to the Elven Halls.
 34579 | Orc:2    | Received a gift from Trog
 34814 | Orc:2    | Found a roughly hewn altar of Beogh.
 35020 | Orc:2    | Found Wusch's Jewellery Boutique.
 35080 | Orc:2    | Found Ete Muh's Magic Scroll Shop.
 35418 | Orc:2    | Found Sicec's General Store.
 35423 | Orc:2    | Bought a scroll of fear for 49 gold pieces
 35423 | Orc:2    | Bought a scroll of teleportation for 42 gold pieces
 35423 | Orc:2    | Bought a scroll of teleportation for 42 gold pieces
 35433 | Orc:2    | Found a roughly hewn altar of Beogh.
 35582 | Orc:2    | Found Ujikeg's Armour Shop.
 36150 | Orc:2    | Bought a scroll of acquirement for 884 gold pieces
 36155 | Orc:2    | Identified the +3 shield of Tomorrow {rC+} (You acquired it
                  | on level 2 of the Orcish Mines)
 36209 | Orc:1    | Found Zuela's General Store.
 36209 | Orc:1    | Found Daniligh's Book Shop.
 36532 | Swamp:1  | Entered Level 1 of the Swamp
 36738 | Swamp:1  | Found an iron altar of Okawaru.
 36755 | Swamp:1  | Received a gift from Trog
 37748 | Orc:2    | Bought the ring of the Mage {Wiz MR++ Int+3} for 775 gold
                  | pieces
 37748 | Orc:2    | Found the ring of the Mage {Wiz MR++ Int+3}
 38006 | Snake:1  | Entered Level 1 of the Snake Pit
 38371 | Snake:1  | Reached XP level 17. HP: 105/138 MP: 6/23
 39284 | Swamp:1  | Reached skill level 17 in Axes
 39700 | Swamp:2  | Noticed a thorn hunter
 39780 | Swamp:2  | Killed a thorn hunter
 39968 | Swamp:2  | Noticed a thorn hunter
 40008 | Swamp:2  | HP: 8/208 [thorn hunter/volley of thorns (28)]
 40010 | Swamp:2  | HP: 1/208 [thorn hunter/volley of thorns (8)]
 40011 | Swamp:2  | Slain by a thorn hunter

Vault maps used:
D:1:      lemuel_arrival_cross
D:3:      okawaru_gym_becter, fedhas_altar_4, uniq_robin, uniq_natasha,
          uniq_jessica
D:4:      ebering_ghost_sewer_f, uniq_eustachio, uniq_sigmund
D:5:      first_ration, nicolae_tso_carved_into_rock, uniq_blork_the_orc,
          uniq_pikel, uniq_grinder
D:6:      nicolae_ru_sacrificial_ziggurat
D:7:      zin_scriptorium, nicolae_overflow_hidden_temple,
          lemuel_blue_sif_altar, minmay_temple_entry_glass, uniq_joseph
D:8:      serial_shops, shop, the_bakery, uniq_grum
D:9:      lemuel_crystal_altar
D:10:     lair_entry_dummy, uniq_nergalle
D:11:     erik_orc_4, uniq_harold
D:12:     enter_bailey_2, grunt_ministairs_1
D:13:     uniq_rupert
D:14:     grunt_vaults_entry_fortified, infiniplex_staircase_spiral,
          nicolae_gozag_cash_rules_everything_around_me
D:15:     grunt_enter_depths_giant_problem, minmay_misc_feat_x, serial_shops,
          shop, uniq_azrael, uniq_nessos, uniq_roxanne
Lair:1:   basic_altar, lab_entry_generic, chequers_serial_rivers_small_a
Lair:2:   serial_bayou_shore_a
Lair:3:   beast_lair_carwin_large_4, swamp_mist_pool
Lair:4:   minmay_snake_entry_guardpost_large, chequers_serial_rivers_room_a,
          fungi_pond_lemuel, lemuel_fruit_fields
Lair:5:   minmay_lair_oklob_bushes, bh_chokoban, uniq_urug
Lair:6:   cheibrodos_lair_end_hotspot, slime_dummy, basic_altar
Swamp:1:  basic_altar, swamp_pool4, hangedman_swamp_diagram
Swamp:2:  evilmike_swamp_ruin_house_1, infiniplex_staircase_pool_2
Snake:1:  serial_bayou_pond_e
Orc:1:    serial_shops, shop, shop_statue, nicolae_shop_waterfront,
          nicolae_shop_statue_plus, shop_fountains
Orc:2:    pubby_orc_utopia
Lab:      nicolae_lab_quarters
Bailey:   bailey_polearm_flooded_kennysheep, bailey

Skill      XL: |  1  2  3  4  5  6  7  8  9 10 11 12 13 14 15 16 17 |
---------------+----------------------------------------------------+-----
Axes           | 4 5 6 7 9 10 11 12 14 15 16 17 | 17.0
Fighting       | 4 5 6 7 8 9 10 11 12 13 14 | 14.1
Armour         | 3 5 6 8 9 |  9.7
Dodging        | 3 5 6 |  6.9
Evocations     | 3 5 7 8 |  8.0
Shields        | 5 9 11 13 | 13.5

Action                   |  1- 3 |  4- 6 |  7- 9 | 10-12 | 13-15 | 16-18 || total
-------------------------+-------+-------+-------+-------+-------+-------++-------
Melee: Hand axe          |   118 |    70 |       |       |       |       ||   188
       War axe           |       |    74 |   259 |   923 |  1032 |    12 ||  2300
       Unarmed           |       |       |     4 |       |       |       ||     4
       Flail             |       |       |       |       |     2 |       ||     2
       Broad axe         |       |       |       |       |   341 |   804 ||  1145
 Fire: Hunting sling     |       |       |    13 |       |       |       ||    13
Throw: Stone             |       |       |     1 |     4 |       |       ||     5
Invok: Berserk           |     1 |     1 |     4 |    10 |     4 |     5 ||    25
       Trog's Hand       |       |     4 |     7 |     4 |     4 |     8 ||    27
 Abil: Evoke Invisibilit |       |       |       |       |       |     6 ||     6
Evoke: Wand              |       |       |     2 |    13 |    17 |       ||    32
  Use: Scroll            |     6 |       |    10 |     4 |    17 |     7 ||    44
 Stab: Confused          |       |       |       |       |     4 |       ||     4
       Paralysed         |       |       |       |       |     2 |       ||     2
       Invisible         |       |       |       |       |       |    26 ||    26
  Eat: Chunk             |     1 |     6 |    20 |    32 |    43 |    28 ||   130
       Ration            |       |       |     1 |     3 |     5 |     2 ||    11
Armor: Animal skin       |     9 |       |       |       |       |       ||     9
       Ring mail         |    31 |       |       |       |       |       ||    31
       Chain mail        |    48 |    71 |   134 |   127 |       |       ||   380
       Plate armour      |       |       |       |   373 |   311 |       ||   684
       Storm dragon scal |       |       |       |       |   205 |   216 ||   421
Dodge: Dodged            |    98 |    41 |   130 |   391 |   334 |   226 ||  1220
Block: Shield            |       |       |       |       |   489 |   402 ||   891

Table legend:
 A = Non-vault XP
 B = Vault XP
 C = Vault XP percentage of total XP
 D = Non-vault monster count
 E = Vault monster count
 F = Vault count percentage of total count
                 A         B        C        D         E       F
            +---------+---------+-------+---------+---------+-------
      Total |  111638 |   55962 |  33.4 |     614 |     298 |  32.7
            +---------+---------+-------+---------+---------+-------
        D:1 |      40 |       0 |   0.0 |      23 |       0 |   0.0
        D:2 |      44 |       0 |   0.0 |      12 |       0 |   0.0
        D:3 |     123 |     106 |  46.3 |      17 |      12 |  41.4
        D:4 |     481 |     428 |  47.1 |      15 |       2 |  11.8
        D:5 |    1406 |    1000 |  41.6 |      33 |       3 |   8.3
        D:6 |     854 |       0 |   0.0 |      21 |       0 |   0.0
        D:7 |    1657 |     121 |   6.8 |      26 |       1 |   3.7
        D:8 |    1136 |     515 |  31.2 |      28 |       3 |   9.7
        D:9 |     539 |       0 |   0.0 |      10 |       0 |   0.0
       D:10 |    6039 |     993 |  14.1 |      39 |       4 |   9.3
       D:11 |    4675 |    1284 |  21.5 |      47 |      14 |  23.0
       D:12 |    7428 |      16 |   0.2 |      30 |       2 |   6.2
       D:13 |    5860 |    2882 |  33.0 |      29 |       1 |   3.3
       D:14 |    9877 |    6271 |  38.8 |      28 |      10 |  26.3
       D:15 |   13037 |    3630 |  21.8 |      43 |       8 |  15.7
     Lair:1 |    4906 |       0 |   0.0 |      22 |       0 |   0.0
     Lair:2 |    5733 |       0 |   0.0 |      31 |       0 |   0.0
     Lair:3 |    6744 |    2877 |  29.9 |      31 |      13 |  29.5
     Lair:4 |    4785 |    1282 |  21.1 |      19 |       8 |  29.6
     Lair:5 |    2924 |    1436 |  32.9 |      15 |       2 |  11.8
     Lair:6 |    3582 |    8862 |  71.2 |      13 |      27 |  67.5
    Swamp:1 |   11459 |       0 |   0.0 |      37 |       0 |   0.0
    Swamp:2 |    6270 |       0 |   0.0 |      12 |       0 |   0.0
    Snake:1 |    7834 |       0 |   0.0 |      16 |       0 |   0.0
      Orc:1 |    2920 |       0 |   0.0 |      16 |       0 |   0.0
      Orc:2 |       0 |   21187 | 100.0 |       0 |     147 | 100.0
        Lab |    1285 |     474 |  26.9 |       1 |       2 |  66.7
     Bailey |       0 |    2598 | 100.0 |       0 |      39 | 100.0
            +---------+---------+-------+---------+---------+-------
